 Dungeon Crawl Stone Soup version 0.30.0-11-gf55b779eaf (webtiles) character file.

Game seed: 1886853410047446239

6325 qdestroyer the Cleaver (level 10, -1/78 (90) HPs)
             Began as a Minotaur Fighter on May 16, 2023.
             Was a Priest of Dithmenos.
             Succumbed to Josephine's poison
             ... on level 10 of the Dungeon.
             The game lasted 00:12:49 (8777 turns).

qdestroyer the Cleaver (Minotaur Fighter)           Turns: 8777, Time: 00:12:50

HP:   -1/78 (90)    AC: 16    Str: 24    XL:     10   Next: 64%
MP:   18/18         EV:  8    Int:  5    God:    Dithmenos [***...]
Gold: 454           SH:  6    Dex: 14    Spells: 9/9 levels left

rFire   . . .        A - +5 flail
rCold   . . .        c - +0 buckler
rNeg    . . .        C - +0 plate armour
rPois   .            (helmet restricted)
rElec   .            (no cloak)
rCorr   .            f - +1 pair of gloves
SInv    +            (no boots)
Will    .....        (no amulet) Stlth
                     y - ring of Wyarr {MP+9 Dex+3 Slay+3}
HPRegen 0.33/turn    x - ring of see invisible
MPRegen 0.16/turn

%: no passive effects
@: lethally poisoned (-1 -> -11), wreathed by umbra, heavily drained
A: horns 2, retaliatory headbutt
a: Renounce Religion, Shadow Step


You were on level 10 of the Dungeon.
You worshipped Dithmenos.
Dithmenos was most pleased with you.
You visited 2 branches of the dungeon, and saw 11 of its levels.
You also visited: Sewer.

You collected 454 gold pieces.

Inventory:

Hand Weapons
 a - a +1 war axe
 A - a +5 flail (weapon)
Missiles
 h - a throwing net (quivered)
Armour
 c - a +0 buckler (worn)
 f - a +1 pair of gloves (worn)
 C - a +0 plate armour (worn)
Jewellery
 i - a ring of positive energy
 x - a ring of see invisible (right hand)
 y - the ring of Wyarr (left hand) {MP+9 Dex+3 Slay+3}
   (You took it off an orc on level 8 of the Dungeon)

   [ring of magical power]

   Dex:       It affects your dexterity (+3).
   Slay:      It affects your accuracy & damage with ranged weapons and melee
   (+3).
   MP:        It affects your magic capacity (+9).
 G - a ring of positive energy
Wands
 w - a wand of digging (7)
Scrolls
 g - 7 scrolls of teleportation
 q - a scroll of blinking
 s - a scroll of enchant weapon
 v - a scroll of enchant armour
 F - 2 scrolls of fear
Potions
 b - 7 potions of attraction
 d - 3 potions of might
 e - a potion of mutation {unknown}
 l - 6 potions of curing
 m - a potion of magic
 n - 3 potions of haste
 o - 3 potions of resistance {unknown}
 p - 3 potions of brilliance
 r - 2 potions of heal wounds {unknown}
 u - 2 potions of invisibility {unknown}
 B - a potion of lignification {unknown}


   Skills:
 + Level 8.8 Fighting
 + Level 12.2(12.8) Axes
 + Level 6.0(9.9) Maces & Flails
 + Level 10.0 Armour
 + Level 2.1 Dodging
 + Level 7.0 Shields


You had 9 spell levels left.
You didn't know any spells.
Your spell library contained the following spells:

 Spells                   Type           Power      Damage    Failure   Level
 Sandblast                Erth           0%         2d4       100%        1
 Cigotuvi's Dreadful Rot  Necr/Pois/Air  0%         N/A       100%        2
 Passwall                 Tmut/Erth      0%         N/A       100%        2
 Ignite Poison            Fire/Tmut/Pois 0%         N/A       100%        3
 Ozocubu's Armour         Ice            0%         N/A       100%        3
 Stone Arrow              Conj/Erth      0%         3d7       100%        3
 Vhi's Electric Charge    Tloc/Air       0%         N/A       100%        3
 Arcjolt                  Conj/Air       0%         1d10      100%        5
 Freezing Cloud           Conj/Ice/Air   0%         6-21      100%        5
 Metabolic Englaciation   Hex/Ice        0%         N/A       100%        5
 Simulacrum               Ice/Necr       0%         N/A       100%        6
 Ozocubu's Refrigeration  Ice            0%         4d7       100%        7
 Maxwell's Capacitive Co  Air            0%         ∞         100%        8
 Polar Vortex             Ice            0%         N/A       100%        9


Dungeon Overview and Level Annotations

Branches:
Dungeon (10/15)            Temple (1/1) D:5             Orc (0/2) D:9
  Sewer (visited)
   Lair: D:8-11

Altars:
Ashenzari
Cheibriados
Dithmenos
Elyvilon
Fedhas
Gozag
Kikubaaqudgha
Nemelex Xobeh
Okawaru
Sif Muna
Uskayaw
Vehumet
Wu Jian
Xom
Yredelemnul
Zin
The Shining One

Shops:
D:3 [

Annotations:
D:10 Josephine


Innate Abilities, Weirdness & Mutations

You have a pair of horns on your head.
You reflexively headbutt those who attack you in melee.


Message History

The orc wizard mumbles some strange words.
The orc wizard flickers and vanishes for a moment.
Things that are here:
a +0 flail; a +0 scale mail; an orc corpse You sock Josephine!
Josephine is lightly wounded.
Josephine hits you with a +2 dagger of venom!
You are poisoned.
An orc warrior comes into view. It is wielding a +0 glaive.
You are too injured to fight recklessly!
You are too injured to fight recklessly!
You are too injured to fight recklessly!
You are too injured to fight recklessly!
You sock Josephine!
You headbutt Josephine, but do no damage.
Josephine is heavily wounded.
You feel very sick.
Josephine gestures at you while chanting.
The ghostly flame explodes!
The ghostly fireball engulfs you.
You feel drained.
The ghostly fireball engulfs Josephine.
Josephine completely resists.
You sock Josephine! Your headbutt misses Josephine.
Josephine is heavily wounded.
You feel sick.
An orc wizard comes into view. It is wielding a +0 dagger.
Josephine hits you but does no damage.
You are more poisoned.
Unknown command.
You closely miss Josephine.
Josephine is heavily wounded.
You feel very sick. Josephine casts a spell at you.
The ghostly flame explodes!
The ghostly fireball engulfs you!!
You feel drained.
* * * LOW HITPOINT WARNING * * *
The ghostly fireball engulfs Josephine.
Josephine completely resists.
Unknown command.
Blink to where?
Press: ? - help, Dir - move target
As you read the scroll of blinking, it crumbles to dust.
You die...

#+# #.## #@.#
##.# #.# #.#
###.##
####....#
#.......#######
#....@§<.....?.
#o......######.


There were no monsters in sight!

Vanquished Creatures
  A two-headed ogre (D:9)
  Grinder (D:3)
  4 wraiths
  A vampire (D:8)
  4 yaks (D:9)
  A steam dragon (D:5)
  Menkaure (D:6)
  2 orc warriors
  An ice beast (D:6)
  A sky beast (D:6)
  2 ogres (D:5)
  2 black bears (D:6)
  A centaur (D:8)
  4 kobold brigands
  3 phantoms
  Blork the orc (D:5)
  7 bullfrogs
  3 scorpions
  5 wights (D:7)
  9 killer bees (D:9)
  4 howler monkeys
  7 orc priests
  5 hounds
  A gnoll bouda (D:7)
  3 jellies
  6 iguanas
  7 orc wizards
  11 gnolls
  13 adders
  3 ufetubi
  4 worms
  A dart slug (D:2)
  39 orcs
  10 ball pythons
  7 endoplasms
  2 giant cockroaches
  4 goblins
  13 hobgoblins
  5 jackals (D:3)
  26 kobolds
  2 quokkas
  10 bats
  A frilled lizard (D:2)
  9 rats
247 creatures vanquished.

Notes
Turn   | Place    | Note
-------+----------+-------------------------------------------
     0 | D:1      | qdestroyer the Minotaur Fighter began the quest for the
                  | Orb.
     0 | D:1      | Reached XP level 1. HP: 19/19 MP: 0/0
   198 | D:1      | Reached XP level 2. HP: 27/27 MP: 1/1
   982 | D:2      | Reached skill level 3 in Axes
   982 | D:2      | Reached XP level 3. HP: 26/33 MP: 2/2
  1350 | D:3      | Reached XP level 4. HP: 22/40 MP: 3/3
  1604 | D:3      | Noticed Grinder
  1607 | D:3      | Paralysed by Grinder for 3 turns
  1612 | D:3      | Killed Grinder
  1613 | D:3      | Reached skill level 5 in Axes
  1613 | D:3      | Reached skill level 5 in Armour
  1613 | D:3      | Reached XP level 5. HP: 36/47 MP: 4/4
  1613 | D:3      | Reached XP level 6. HP: 40/53 MP: 5/5
  1844 | D:3      | Found an ornate altar of the Wu Jian Council.
  2032 | D:3      | Found Voajec's Antique Armour Boutique.
  2340 | D:4      | Found a glowing drain.
  2356 | Sewer    | Entered a sewer
  2450 | Sewer    | Reached skill level 6 in Axes
  2454 | Sewer    | Reached skill level 5 in Fighting
  2454 | Sewer    | Reached XP level 7. HP: 57/61 MP: 6/6
  2878 | D:4      | Reached skill level 7 in Axes
  3232 | D:5      | Entered Level 5 of the Dungeon
  3256 | D:5      | Reached skill level 5 in Shields
  3394 | D:5      | Found a staircase to the Ecumenical Temple.
  3398 | D:5      | Noticed a steam dragon
  3406 | D:5      | Killed a steam dragon
  3407 | D:5      | Reached skill level 8 in Axes
  3407 | D:5      | Reached XP level 8. HP: 48/70 MP: 7/7
  3412 | Temple   | Entered the Ecumenical Temple
  3688 | Temple   | Became a worshipper of Dithmenos the Shadowed
  3872 | D:5      | Reached skill level 9 in Axes
  4002 | D:5      | You fall into a shaft and drop 3 floors!
  4296 | D:6      | Reached skill level 10 in Axes
  4317 | D:6      | Identified the +0 robe "Amynky" {Str+3 Int+4 SInv}
  4341 | D:6      | Noticed Menkaure
  4349 | D:6      | Killed Menkaure
  4350 | D:6      | Reached XP level 9. HP: 35/78 MP: 8/8
  4597 | D:5      | Noticed Blork the orc
  4604 | D:5      | Killed Blork the orc
  4604 | D:5      | Reached * piety under Dithmenos
  5002 | D:5      | Reached skill level 11 in Axes
  5471 | D:6      | Found a basalt altar of Yredelemnul.
  5891 | D:7      | Reached ** piety under Dithmenos
  6328 | D:7      | Reached skill level 12 in Axes
  6553 | D:8      | Reached skill level 1 in Dodging
  6920 | D:8      | Reached skill level 1 in Maces & Flails
  6920 | D:8      | Reached XP level 10. HP: 86/88 MP: 9/9
  6964 | D:8      | Identified the ring of Wyarr {MP+9 Dex+3 Slay+3}
  7803 | D:9      | Found a staircase to the Orcish Mines.
  7890 | D:9      | Reached *** piety under Dithmenos
  7892 | D:9      | Noticed a two-headed ogre
  7900 | D:9      | Killed a two-headed ogre
  8077 | D:9      | Reached skill level 5 in Maces & Flails
  8714 | D:10     | Entered Level 10 of the Dungeon
  8714 | D:10     | Noticed Josephine
  8768 | D:9      | Reached skill level 10 in Armour
  8776 | D:10     | HP: 1/78 [Josephine/ghostly fireball (28)]
  8777 | D:10     | Succumbed to Josephine's poison

Illustrated notes

Levels and vault maps discovered:
D:1:      amcnicky_arrival_underground_garden, layout_basic
D:2:      layout_basic
D:3:      layout_loops_cross, nzn_wu_jian_council_hall, serial_shops,
          nicolae_shop_tiny_statue_garden, uniq_grinder
D:4:      layout_cave_pools, cheibrodos_sewer_entry_sluice
D:5:      layout_basic, minmay_temple_entry_statues_pillars, nicolae_half_adder,
          uniq_blork_the_orc
D:6:      layout_cave_pools, lemuel_coloured_pillars_altar, uniq_menkaure
D:7:      layout_rooms, sigmund_army
D:8:      layout_loops_ring
D:9:      layout_irregular_city, orc_0_dummy
D:10:     layout_roguey, hangedman_abyss_or_decor_lesser_grid,
          nicolae_diode_quadrants, uniq_josephine
Temple:   mainiacjoe_temple_cubbyholes

Skill      XL: |  1  2  3  4  5  6  7  8  9 10 |
---------------+-------------------------------+-----
Armour         | 4 5 6 7 9 10 | 10.0
Shields        | 4 5 6 7 |  7.0
Fighting       | 4 5 6 8 |  8.8
Axes           | 3 5 6 8 10 12 | 12.2
Dodging        | 1 2 |  2.1
Maces & Flails | 1 6 |  6.0

Action                     |  1- 3 |  4- 6 |  7- 9 | 10-12 || total
---------------------------+-------+-------+-------+-------++-------
  Melee: War axe           |    76 |    83 |   312 |       ||   471
         Headbutt          |     8 |    11 |    58 |    29 ||   106
         Flail             |       |       |    35 |   109 ||   144
    Use: Scroll            |     9 |     1 |     6 |     4 ||    20
         Potion            |       |       |     1 |       ||     1
 Armour: Scale mail        |    21 |       |       |       ||    21
         Chain mail        |    41 |    45 |   184 |    55 ||   325
         Plate armour      |       |       |       |     7 ||     7
  Dodge: Dodged            |    27 |    38 |   144 |    57 ||   266
  Block: Buckler           |    22 |    18 |    87 |    39 ||   166
